AoeStats
← luludul

Baltic

510299203Analyzed
2v2 RM · 19h ago on Sep 30, 2026· 36m 58s· 4 players
Game mode
Random Map
Map size
Medium (4 player)
Population
200
Speed
Normal
Resources
Standard
Victory
Conquest
Starting age
Dark Age
Ending age
Imperial Age
RankedLock teamsTeams togetherTeam positionsShared explorationLock speedFull tech treeHidden civsTurbo modeCheats
Victory
Defeat
🇫🇷 Britons · France
1126
+15
🇹🇷 Saxons · Türkiye
1124
+15
🇷🇺 Malay · Russia
1097
-15
🇷🇺 Mapuche · Russia
1095
-15
MAN1YAKFOX
10:43 Loom
13:55 Feudal Age
19:41 Castle Age
20:20 Double-Bit Axe
20:53 Fletching
28:08 Thalassocracy
31:41 Forging
34:05 Town Watch
39:03 Imperial Age
6ym6ym666
0:26 Loom
11:55 Feudal Age
12:58 Arson
12:33 Champi Runner
16:05 Scale Mail Armor
17:05 Forging
21:43 Castle Age
21:47 Champi Warrior
23:06 Iron Casting
26:43 Fletching
27:09 Chain Mail Armor
26:55 Padded Archer Armor
39:10 Imperial Age
Hedip
10:15 Feudal Age
8:30 Loom
14:01 Castle Age
12:46 Double-Bit Axe
14:43 Loom
15:18 Medium Warships
23:55 Wheelbarrow
26:13 Fletching
26:23 Padded Archer Armor
28:05 Bodkin Arrow
30:45 Leather Archer Armor
32:37 Yeomen
35:06 Imperial Age
32:55 Hand Cart
32:27 Town Watch
35:38 Ballistics
36:30 Conscription
36:47 Bracer
37:17 Ring Archer Armor
36:42 Elite Longbowman
37:34 Town Patrol
luludul
8:10 Loom
11:05 Feudal Age
11:56 Double-Bit Axe
12:07 Fishing Lines
17:53 Castle Age
16:35 Gold Mining
18:47 Gillnets
24:51 Scale Mail Armor
25:02 Forging
26:03 Chain Mail Armor
27:16 Squires
28:11 Iron Casting
27:24 Arson
27:29 Gambesons
Connection lost

Rejoining the realm…

Still unreachable

The connection could not be restored.

Session expired

The server has moved on; the page needs a fresh start.